 Dungeon Crawl Stone Soup version 0.31-a0-210-gccc998df9b (webtiles) character file.

Game seed: 6206560982494652115

259 qw the Chopper (level 6, -9/38 HPs)
             Began as a Gargoyle Fighter on June 29, 2023.
             Killed by divine providence
             ... invoked by an orc priest
              (15 damage)
             ... on level 4 of the Dungeon.
             The game lasted 00:01:33 (3326 turns).

qw the Chopper (Gargoyle Fighter)                   Turns: 3326, Time: 00:01:34

Health: -9/38      AC: 13    Str: 22    XL:     6   Next: 17%
Magic:  6/6        EV: 14    Int:  8    God:
Gold:   232        SH:  0    Dex:  9    Spells: 5/5 levels left

rFire   . . .        Y - +1 war axe
rCold   . . .        c - +0 buckler
rNeg    + . .        b - +0 scale mail
rPois   inf          e - +0 helmet
rElec   +            (no cloak)
rCorr   +            j - +0 pair of gloves
SInv    .            (no boots)
Will    .....        (no amulet) Stlth
                     l - ring of resist corrosion
HPRegen 0.26/turn    k - +5 ring of evasion
MPRegen 0.10/turn

%: no passive effects
@: confused
A: sickness immunity, AC +4, negative energy resistance 1, electricity
resistance, torment resistance 1, petrification resistance
a: no special abilities


You were on level 4 of the Dungeon.
You visited 1 branch of the dungeon, and saw 4 of its levels.

You collected 232 gold pieces.


Innate Abilities, Weirdness & Mutations

You are immune to sickness and miasma.
Your stone body is resilient. (AC +4)
You are immune to poison.
You resist negative energy. (rN+)
You are resistant to electric shocks. (rElec)
You are resistant to unholy torment.
You are immune to petrification.


   Skills:
 - Level 3.6 Fighting
 - Level 5.5 Axes
 + Level 0.0 Throwing
 - Level 3.2 Armour
 - Level 3.2 Shields


You had 5 spell levels left.
You didn't know any spells.
Your spell library was empty.

Inventory:

Hand Weapons
 g - a +4 flail of protection
 Y - a +1 war axe (weapon)
Missiles
 a - 6 silver javelins
Armour
 b - a +0 scale mail (worn)
 c - a +0 buckler (worn)
 e - a +0 helmet (worn)
 j - a +0 pair of gloves (worn)
Jewellery
 k - a +5 ring of evasion (right hand)
 l - a ring of resist corrosion (left hand)
 m - an amulet of reflection
Scrolls
 i - 2 scrolls of identify
Potions
 d - 2 potions of might
 f - a potion of attraction {unknown}
 h - a potion of lignification {unknown}
 n - a potion of magic {unknown}

Dungeon Overview and Level Annotations

Branches:
Dungeon (4/15)
 Temple: D:4-7

Altars:
Hepliaklqana
Uskayaw
Vehumet

Annotations:
D:2 1 runed translucent door, Crazy Yiuf


Message History

The orc wizard's wounds heal themselves!
Something hits you but does no damage. The orc wizard misses you.
The orc priest hits you but does no damage.
The orc priest barely misses you. Something hits you but does no damage.
The orc wizard hits you with a +0 dagger.
The orc priest invokes the aid of Beogh against you.
Pain shoots through your body!
The orc priest hits you but does no damage.
Something hits you but does no damage.
The orc wizard hits you but does no damage.
The orc priest miscasts a cantrip.
The orc priest closely misses you. Something barely misses you.
The orc wizard closely misses you.
The orc priest calls down the wrath of Beogh upon you.
Pain shoots through your body! The orc priest misses you.
Something barely misses you. The orc wizard closely misses you.
The orc priest hits you but does no damage.
The orc priest closely misses you.
You hear some strange, mumbled words.
Something tries to affect you, but you resist.
The orc wizard hits you but does no damage.
The orc priest invokes the aid of Beogh against you.
You barely resist.
The orc priest hits you but does no damage.
Something hits you but does no damage.
The orc wizard hits you but does no damage.
The orc priest hits you but does no damage.
The orc priest misses you.
You hear some strange, mumbled words.
A puff of flame appears from out of thin air!
The puff of flame misses you.
The orc wizard hits you but does no damage.
The orc priest hits you but does no damage.
The orc priest invokes the aid of Beogh against you.
Beogh smites you! Something hits you.
The orc wizard hits you but does no damage.
The orc priest mumbles some strange prayers to Beogh against you.
Beogh smites you!
You die...

.#.#.# .#.#.# # #.. .#.#.# ###.
#.# .#.#.# ...# ... . ..< .#.#.#
#.. #.### . #..# .#.#.#
......[#.#.##.# .# #.#
.####.#o#.#...##.# #.#
......{oo.#.>.##.# #.# #@o.# #.#
#.# #...######.####### #.#
#.##.#............ #.#
#.######......#### #.#
#.................
####.######################...###
#.<#......(...................+
#.########################....#
#........# #.....# #....#


You could see 2 orc priests, an orc wizard and an orc.

Vanquished Creatures
  Edmund (D:4)
  An iguana (D:4)
  A statue (D:3)
  Robin (D:3)
  An adder (D:2)
  A worm (D:3)
  A dart slug (D:1)
  An orc (D:3)
  9 endoplasms
  4 giant cockroaches
  7 hobgoblins
  10 kobolds
  2 quokkas
  5 ball pythons
  7 bats
  4 frilled lizards
  10 goblins
  5 rats
71 creatures vanquished.

Notes
Turn   | Place    | Note
-------+----------+-------------------------------------------
     0 | D:1      | qw the Gargoyle Fighter began the quest for the Orb.
     0 | D:1      | Reached XP level 1. HP: 14/14 MP: 1/1
     0 | D:1      | 0 ||| qw: Version: 0.3-a-24-g62f9e04
     0 | D:1      | 0 ||| qw: Game counter: 6706
     0 | D:1      | 0 ||| qw: Melee chars always use a shield: true
     0 | D:1      | 0 ||| qw: God list: Okawaru
     0 | D:1      | 0 ||| qw: Allow faded altars: false
     0 | D:1      | 0 ||| qw: Do Orc after clearing Dungeon:15 true
     0 | D:1      | 0 ||| qw: Do second Lair branch before Depths: true
     0 | D:1      | 0 ||| qw: Lair rune preference: random
     0 | D:1      | 0 ||| qw: Goals: Normal, Zot:1-4, Slime:5, God:TSO, Crypt,
                  | Tomb, Abyss, Pan, Hells, Win
     0 | D:1      | 0 ||| PLANNING D:1-11
    38 | D:1      | Reached skill level 2 in Axes
    48 | D:1      | 48 ||| Stepping ~*~*~tactically~*~*~ (hiding).
   203 | D:1      | Reached XP level 2. HP: 19/19 MP: 2/2
   204 | D:1      | 204 ||| Stepping ~*~*~tactically~*~*~ (hiding).
   323 | D:1      | 323 ||| Stepping ~*~*~tactically~*~*~ (hiding).
   325 | D:1      | 325 ||| Stepping ~*~*~tactically~*~*~ (hiding).
   334 | D:1      | 334 ||| Stepping ~*~*~tactically~*~*~ (stealth).
   336 | D:1      | 336 ||| Stepping ~*~*~tactically~*~*~ (hiding).
   582 | D:1      | Reached skill level 3 in Axes
   625 | D:1      | Reached XP level 3. HP: 23/23 MP: 3/3
   916 | D:1      | 916 ||| READING scroll labelled YPEXOSU FOLY.
   976 | D:2      | 976 ||| DROPPING +0 whip.
  1046 | D:2      | 1046 ||| Stepping ~*~*~tactically~*~*~ (stealth).
  1047 | D:2      | 1047 ||| Stepping ~*~*~tactically~*~*~ (stealth).
  1055 | D:2      | 1055 ||| Stepping ~*~*~tactically~*~*~ (stealth).
  1585 | D:2      | Found a runed translucent door.
  1586 | D:2      | Noticed Crazy Yiuf
  1809 | D:2      | 1809 ||| UPGRADING to +0 pair of gloves.
  1814 | D:2      | 1814 ||| UPGRADING to ring of resist corrosion.
  1815 | D:2      | 1815 ||| READING scroll labelled XOGEWI YCAIBRI.
  1816 | D:2      | 1816 ||| READING scroll labelled NOS FACEORGH.
  1817 | D:2      | 1817 ||| READING scroll labelled VIFACL EXKALU.
  1818 | D:2      | 1818 ||| READING scroll labelled WAUSCHUICYE.
  1819 | D:2      | 1819 ||| READING scroll labelled JAZUOC ROEVU.
  1912 | D:3      | Found a hide-covered altar of Uskayaw.
  2036 | D:3      | Reached XP level 4. HP: 28/28 MP: 4/4
  2077 | D:3      | 2077 ||| Stepping ~*~*~tactically~*~*~ (stealth).
  2081 | D:3      | 2081 ||| Stepping ~*~*~tactically~*~*~ (stealth).
  2093 | D:3      | Noticed Robin
  2095 | D:3      | 2095 ||| Stepping ~*~*~tactically~*~*~ (hiding).
  2106 | D:3      | Reached skill level 4 in Axes
  2107 | D:3      | Killed Robin
  2155 | D:3      | 2155 ||| Stepping ~*~*~tactically~*~*~ (hiding).
  2396 | D:3      | Found a hazy altar of Hepliaklqana.
  2525 | D:3      | Found a radiant altar of Vehumet.
  2525 | D:3      | Noticed a frost-covered statue
  2538 | D:3      | HP: 6/28 [frost-covered statue/puff of frost (4)]
  2542 | D:3      | Killed a frost-covered statue
  2543 | D:3      | Reached XP level 5. HP: 8/32 MP: 5/5
  2785 | D:3      | 2785 ||| UPGRADING to +0 helmet.
  2790 | D:3      | 2790 ||| UPGRADING to +5 ring of evasion.
  2791 | D:3      | 2791 ||| READING scroll labelled CYL COVEDUTEO.
  2792 | D:3      | 2792 ||| READING scroll labelled KEOXAT UMOXOIW.
  2793 | D:3      | 2793 ||| DRINKING 2 green potions.
  3024 | D:4      | Noticed Edmund
  3034 | D:4      | HP: 1/32 [Edmund/+4 flail of protection (11)]
  3035 | D:4      | 3035 ||| DRINKING potion of heal wounds.
  3041 | D:4      | HP: 7/32 [Edmund/+4 flail of protection (3)]
  3044 | D:4      | HP: 1/32 [Edmund/+4 flail of protection (7)]
  3046 | D:4      | Killed Edmund
  3047 | D:4      | Reached skill level 5 in Axes
  3047 | D:4      | Reached XP level 6. HP: 2/37 MP: 6/6
  3182 | D:4      | 3182 ||| DROPPING +0 mace.
  3326 | D:4      | HP: 9/38 [orc priest/divine providence (10)]
  3326 | D:4      | Killed from afar by an orc priest

Levels and vault maps discovered:
D:1:      dpeg_arrival_round_a, layout_basic
D:2:      layout_basic, uniq_crazy_yiuf_cottage
D:3:      layout_basic, nicolae_uskayaw_dance_hall, vehumet_statue,
          lemuel_coloured_pillars_altar, nicolae_concentric_dashed_squares_wild,
          guppyfry_early_lair_pool, uniq_robin
D:4:      layout_basic, grunt_temple_overflow_order_and_chaos_2,
          minmay_temple_entry_from_below_a, uniq_edmund

Skill      XL: |  1  2  3  4  5 |
---------------+----------------+-----
Axes           | 2 3 4 5 |  5.5
Fighting       | |  3.6
Armour         | |  3.2
Shields        | |  3.2

Action                     |  1- 3 |  4- 6 || total
---------------------------+-------+-------++-------
  Melee: War axe           |   160 |    89 ||   249
    Use: Scroll            |     6 |     2 ||     8
         Potion            |       |     2 ||     2
 Armour: Scale mail        |   103 |    58 ||   161
  Dodge: Dodged            |    83 |    61 ||   144
  Block: Buckler           |    25 |    12 ||    37

Table legend:
 A = Non-vault XP
 B = Vault XP
 C = Vault XP percentage of total XP
 D = Non-vault monster count
 E = Vault monster count
 F = Vault count percentage of total count
                 A         B        C        D         E       F
            +---------+---------+-------+---------+---------+-------
      Total |     139 |     232 |  62.5 |      57 |      14 |  19.7
            +---------+---------+-------+---------+---------+-------
        D:1 |      42 |       0 |   0.0 |      26 |       0 |   0.0
        D:2 |      31 |       0 |   0.0 |      13 |       0 |   0.0
        D:3 |      27 |      68 |  71.6 |      15 |      13 |  46.4
        D:4 |      39 |     164 |  80.8 |       3 |       1 |  25.0
            +---------+---------+-------+---------+---------+-------
